 Dungeon Crawl Stone Soup version 0.14-a0-736-g2a71271 (webtiles) character file.

5393 Malachi the Grappler (level 10, -16/77 HPs)
             Began as a White Draconian Transmuter on Nov 7, 2013.
             Was a Believer of Makhleb.
             Demolished by cedor's ghost (23 damage)
             ... on Level 8 of the Dungeon.
             The game lasted 00:30:26 (12569 turns).

Malachi the Grappler (White Draconian Transmuter)  Turns: 12569, Time: 00:30:27

HP -16/77        AC 11     Str 13      XL: 10   Next: 20%
MP  15/15        EV 14     Int 17      God: Makhleb [**....]
Gold 749         SH  0     Dex  9 (11) Spells:  3 memorised,  4 levels left

Res.Fire  : . . .   See Invis. : .     - Unarmed
Res.Cold  : + . .   Warding    : .   (armour unavailable)
Life Prot.: . . .   Conserve   : .   (no shield)
Res.Poison: .       Res.Corr.  : .   k - +1 wizard hat
Res.Elec. : .       Clarity    : .   F - +1 dwarf cloak
Sust.Abil.: . .     Spirit.Shd : .   (no gloves)
Res.Mut.  : .       Stasis     : .   q - +0 pair of boots
Res.Rott. : .       Flight     : .   (no amulet)
Saprovore : . . .                    (no ring)
                                     (no ring)

@: slowed, very slow, somewhat resistant to hostile enchantments, unstealthy
A: breathe frost, unfitting armour, cold resistance 1, AC +7
a: Breathe Frost, Minor Destruction, Renounce Religion


You were on level 8 of the Dungeon.
You worshipped Makhleb.
Makhleb was pleased with you.
You were not hungry.

You visited 1 branch of the dungeon, and saw 8 of its levels.
You also visited: Sewer and Ossuary.

You collected 749 gold pieces.

Inventory:

Missiles
 b - 85 arrows
Armour
 k - a +1 wizard hat (worn)
 q - a +0 pair of boots (worn)
 F - a +1 dwarven cloak (worn)
Magical devices
 s - a wand of random effects (3)
 H - a wand of paralysis (10)
Comestibles
 a - 8 bread rations
 A - 3 meat rations
 I - 2 beef jerkies
Scrolls
 c - 2 scrolls of curse jewellery {unknown}
 e - a scroll of fog
 g - 2 scrolls of enchant armour {unknown}
 h - 2 scrolls of enchant weapon I
 j - a scroll of enchant weapon II
 l - 6 scrolls of remove curse
 n - a scroll of amnesia
 w - a scroll of blinking {unknown}
 y - a scroll of identify
 z - a scroll of immolation {unknown}
 D - a scroll of curse weapon {unknown}
 G - a scroll of recharging
Jewellery
 m - an uncursed ring of see invisible {unknown}
 t - a cursed ring of fire
 C - an uncursed amulet of stasis
Potions
 f - 2 potions of curing
 i - a potion of restore abilities
 o - 5 potions of agility
 p - 4 potions of heal wounds
 r - 5 potions of might
 u - a potion of speed
 v - 2 potions of brilliance
 x - 3 potions of resistance
 E - a potion of mutation {unknown}
Books
 d - a book of Changes

   Spells                             Type                      Level
   Beastly Appendage                  Transmutation                1
   *Sticks to Snakes                  Transmutation                2
   *Spider Form                       Transmutation/Poison         3
   *Ice Form                          Ice/Transmutation            4
   Blade Hands                        Transmutation                5
Magical staves
 B - an uncursed staff of poison


   Skills:
 + Level 4.3 Fighting
 + Level 8.1 Dodging
 - Level 0.4 Stealth
 * Level 9.4 Unarmed Combat
 - Level 2.0 Spellcasting
 * Level 6.9 Transmutations
 - Level 3.0 Poison Magic
 - Level 0.2 Evocations


You had 4 spell levels left.
You knew the following spells:

 Your Spells              Type           Power        Failure   Level  Hunger
b - Sticks to Snakes      Trmt           ####......   1%          2    ###....
c - Spider Form           Trmt/Pois      ###.......   10%         3    ####...
d - Ice Form              Ice/Trmt       ##........   58%         4    #####..


Dungeon Overview and Level Annotations

Branches:
Dungeon (8/27)             Temple (0/1) D:7
    Orc: D:6-11        Lair: D:8-13

Altars:
Ashenzari
Makhleb
Nemelex Xobeh
Sif Muna
Trog
Vehumet
Yredelemnul
the Shining One

Annotations:
D:7 Malachi's ghost, experienced DrTm
D:8 cedor's ghost, experienced OgAM


Innate Abilities, Weirdness & Mutations

You can breathe waves of freezing cold.*
You can buffet flying creatures when you breathe cold.*
Your icy white scales are hard (AC +7).*
Your body does not fit into most forms of armour.
Your cold-blooded metabolism reacts poorly to cold.
Your flesh is cold resistant.*


Message History

Your +0 pair of boots unmelds from your body.
Unknown command.
You start resting.
You have got your breath back.
You start resting.
Magic restored.
Cedor's ghost is nearby!
Cedor's ghost is nearby!
Cedor's ghost is nearby!
Eat which item? (? for menu, Esc to quit)
Cedor's ghost gestures at you while chanting.
You feel yourself slow down.
You continue eating.
Cedor's ghost hits you!
* * * LOW HITPOINT WARNING * * *
Cedor's ghost burns you!
* * * LOW HITPOINT WARNING * * *
You continue eating.
Cedor's ghost hits you!
You die...

...# #.≈≈# ####
##.≈≈#
#######..≈≈######
.........≈≈≈≈≈≈≈≈
#######..≈≈≈≈≈≈≈≈≈
#...........
##...######.
#.)...####.###.?
##)##p@)........
#)###########..
#.# #.# #.# #.#
##.##### ##..#...#
#.%.....##


You could see cedor's ghost.

Vanquished Creatures
  A hill giant (D:8)
  Pikel (D:5)
  A hill giant zombie (D:7)
  A hungry ghost (D:7)
  Eustachio (D:5)
  Grum (D:8)
  2 wolves (D:8)
  Purgy (Sewer)
  4 slaves (D:5)
  3 ogres
  A phantom (D:5)
  An orc warrior (D:8)
  4 centaurs
  Sigmund (D:3)
  4 giant frogs
  A jellyfish (D:8)
  An electric eel (D:8)
  3 killer bees
  3 crimson imps
  A quasit (D:6)
  9 orc priests
  2 hounds (D:8)
  A jelly (D:5)
  7 orc wizards
  2 big fish (D:8)
  5 worker ants
  An iguana (D:8)
  2 scorpions
  Ijyb (D:2)
  An ogre skeleton (D:5)
  10 mummies (Ossuary)
  Crazy Yiuf (D:4)
  4 gnolls
  5 adders
  3 giant mites (D:6)
  An inept feature mimic (D:4)
  An inept item mimic (Sewer)
  4 worms
  An adder zombie (D:5)
  A grey rat (D:6)
  An iguana skeleton (D:6)
  8 giant geckos
  26 orcs
  8 ball pythons
  16 bats
  6 giant cockroaches
  12 hobgoblins
  14 kobolds
  4 quokkas
  A giant gecko skeleton (D:4)
  11 giant newts
  A giant spore (D:8)
  12 goblins
  A hobgoblin zombie (Ossuary)
  14 jackals
  4 kobold zombies (Ossuary)
  An orc skeleton (D:4)
  3 orc zombies (Ossuary)
  22 rats
  7 ballistomycetes
  A fungus (D:4)
271 creatures vanquished.

Vanquished Creatures (others)
  A wizard (D:3)
  A giant frog zombie (D:8)
  An orc (D:7)
  A jackal (D:3)
  2 giant spores
  A ballistomycete (D:8)
7 creatures vanquished.

Grand Total: 278 creatures vanquished

Notes
Turn   | Place    | Note
--------------------------------------------------------------
     0 | D:1      | Malachi, the Draconian Transmuter, began the quest for the Orb.
     0 | D:1      | Reached XP level 1. HP: 16/16 MP: 1/1
   137 | D:1      | Reached XP level 2. HP: 15/23 MP: 3/3
   962 | D:2      | Reached XP level 3. HP: 23/28 MP: 4/4
  1016 | D:2      | Learned a level 2 spell: Sticks to Snakes
  1023 | D:2      | Learned a level 3 spell: Spider Form
  1098 | D:2      | Noticed Ijyb
  1137 | D:2      | Killed Ijyb
  1253 | D:2      | Reached XP level 4. HP: 28/35 MP: 4/6
  1915 | D:2      | Found a basalt altar of Yredelemnul.
  2322 | D:3      | Reached skill level 4 in Unarmed Combat
  2735 | D:3      | Reached XP level 5. HP: 34/40 MP: 4/7
  2739 | D:3      | Reached skill level 1 in Poison Magic
  3011 | D:3      | Found a radiant altar of Vehumet.
  3024 | D:3      | Noticed Sigmund
  3060 | D:3      | Sigmund (ally) was killed
  3060 | D:3      | Your ally died
  3060 | D:3      | Reached XP level 6. HP: 48/48 MP: 2/9
  3299 | D:3      | Found a bloodstained altar of Trog.
  3299 | D:3      | Noticed a wizard
  3305 | D:3      | Killed a wizard
  3630 | D:4      | Found a shattered altar of Ashenzari.
  4126 | D:4      | Found Araqiph's Weapon Emporium.
  4130 | D:4      | Araqiph's Weapon Emporium was a mimic.
  4226 | D:4      | Reached skill level 5 in Unarmed Combat
  4261 | D:4      | Noticed Crazy Yiuf
  4280 | D:4      | Killed Crazy Yiuf
  4458 | D:4      | Found a sparkling altar of Nemelex Xobeh.
  4599 | D:5      | Entered Level 5 of the Dungeon
  4796 | D:5      | Found a sand-covered staircase.
  4801 | Ossuary  | Entered an ossuary
  5401 | Ossuary  | Your scales start taking on an icy white colour.
  5401 | Ossuary  | Gained mutation: Your flesh is cold resistant. [draconian maturity]
  5401 | Ossuary  | Reached XP level 7. HP: 35/53 MP: 7/10
  6370 | D:5      | Learned a level 4 spell: Ice Form
  6621 | D:5      | Reached skill level 6 in Unarmed Combat
  6675 | D:5      | Noticed Pikel
  7111 | D:5      | Killed Pikel
  7111 | D:5      | Reached skill level 5 in Dodging
  7111 | D:5      | Reached skill level 7 in Unarmed Combat
  7111 | D:5      | Reached XP level 8. HP: 46/61 MP: 9/12
  7278 | D:5      | Found a deep blue altar of Sif Muna.
  7342 | D:5      | Found a burning altar of Makhleb.
  7426 | D:5      | Noticed Eustachio
  7442 | D:5      | Killed Eustachio
  7442 | D:5      | Reached skill level 5 in Transmutations
  7509 | D:5      | Became a worshipper of Makhleb the Destroyer
  8002 | D:6      | Found a glowing drain.
  8056 | Sewer    | Entered a sewer
  8196 | Sewer    | Noticed Purgy
  8211 | Sewer    | Killed Purgy
  8273 | D:6      | Acquired Makhleb's first power
  8547 | D:6      | Reached XP level 9. HP: 55/68 MP: 9/13
  8680 | D:6      | Reached skill level 8 in Unarmed Combat
  8952 | D:6      | Found a glowing golden altar of the Shining One.
  9203 | D:7      | Noticed Malachi's ghost (experienced DrTm)
 10384 | D:7      | Found a staircase to the Ecumenical Temple.
 10796 | D:7      | Acquired Makhleb's second power
 11246 | D:8      | Noticed cedor's ghost (experienced OgAM)
 11569 | D:8      | Noticed Grum
 11593 | D:8      | Killed Grum
 11593 | D:8      | Reached skill level 9 in Unarmed Combat
 11827 | D:8      | Reached XP level 10. HP: 69/77 MP: 15/15
 12538 | D:8      | Noticed a hill giant
 12548 | D:8      | Killed a hill giant
 12569 | D:8      | Demolished by cedor's ghost

Action                   |  1- 3 |  4- 6 |  7- 9 | 10-12 || total
-------------------------+-------+-------+-------+-------++-------
Melee: Unarmed           |   161 |   379 |   523 |    71 ||  1134
 Cast: Beastly Appendage |     5 |    19 |     4 |       ||    28
       Spider Form       |       |     9 |    32 |     4 ||    45
       Sticks to Snakes  |       |     2 |       |       ||     2
 Abil: End Transformatio |       |     5 |    25 |     2 ||    32
       Breathe Frost     |       |       |    20 |     2 ||    22
Evoke: Wand              |       |    14 |    10 |     3 ||    27
  Use: Potion            |       |     5 |     6 |     1 ||    12
       Scroll            |       |     2 |    20 |       ||    22
 Stab: Sleeping          |       |     1 |     2 |       ||     3
       Distracted        |       |       |     1 |       ||     1
       Paralysed         |       |       |     3 |       ||     3
       Confused          |       |       |     1 |       ||     1
